 Dungeon Crawl Stone Soup version 0.29-a0-923-g6e406bff71 (webtiles) character file.

Game seed: 18381777025143042510

20 Essalna the Insei (level 2, 0/18 HPs)
             Began as an Octopode Transmuter on July 28, 2022.
             Constricted to death by a ball python (1 damage)
             ... on level 2 of the Dungeon.
             The game lasted 00:01:29 (1455 turns).

Essalna the Insei (Octopode Transmuter)             Turns: 1455, Time: 00:01:30

Health: 0/18       AC:  1    Str:  9    XL:     2   Next: 79%
Magic:  5/5        EV: 10    Int: 15    God:
Gold:   51         SH:  0    Dex: 12    Spells: 4/5 levels left

rFire   . . .      SeeInvis .     - Unarmed
rCold   . . .      Faith    .   (no shield)
rNeg    . . .      Spirit   .   (helmet restricted)
rPois   .          Reflect  .   (no amulet)
rElec   .          Harm     .   (no ring)
rCorr   .          Rampage  .   (no ring)
Will    .....                   (no ring)
Stlth   +++.......              (no ring)
HPRegen 0.06/turn               (no ring)
MPRegen 0.09/turn               (no ring)
                                (no ring)
                                (no ring)

@: constricted
A: almost no armour, amphibious, 8 rings, camouflage 1, gelatinous body 1,
(nimble swimmer 1), tentacles
a: no special abilities


You were on level 2 of the Dungeon.
You visited 1 branch of the dungeon, and saw 2 of its levels.

You collected 51 gold pieces.

Inventory:

Scrolls
 b - a scroll of enchant weapon {unknown}
 c - a scroll of torment {unknown}
 d - a scroll of poison {unknown}
 f - a scroll of teleportation {unknown}
Potions
 a - a potion of lignification
 e - a potion of berserk rage {unknown}


   Skills:
 + Level 1.4 Fighting
 + Level 2.2 Dodging
 + Level 1.3 Stealth
 + Level 3.2 Unarmed Combat
 - Level 2.0 Spellcasting
 + Level 2.2 Transmutations


You had 4 spell levels left.
You knew the following spells:

 Your Spells              Type           Power      Damage    Failure   Level
a - Beastly Appendage     Tmut           16%        N/A       9%          1

Your spell library contained the following spells:

 Spells                   Type           Power      Damage    Failure   Level
 Wereblood                Tmut           8%         N/A       13%         2
 Necrotise                Necr           4%         1d4       22%         1
 Spider Form              Tmut/Pois      4%         N/A       38%         3
 Vampiric Draining        Necr           1%         2d6       54%         3
 Ice Form                 Ice/Tmut       4%         N/A       80%         4
 Agony                    Necr           1%         N/A       99%         5


Dungeon Overview and Level Annotations

Branches:
Dungeon (2/15)

Altars:


Innate Abilities, Weirdness & Mutations

You cannot wear most types of armour.
You are amphibious.
You can wear up to eight rings at the same time.
Your skin changes colour to match your surroundings (Stealth+).
Your rubbery body absorbs attacks. (AC +1, EV +1)
((You are camouflaged when in or above water. (Stealth+)))
You have tentacles for arms and can constrict up to eight enemies at once.


Message History

There is a stone staircase leading up here.
One of your tentacles grows a vicious spike.
A ball python and a bat come into view.
Found a ring mail.
Found a stone staircase leading down.
Your transformation is almost over.
The endoplasm barely misses you.
You tentacle-slap the endoplasm but do no damage.
Your tentacle spike misses the endoplasm.
You squeeze the endoplasm.
The endoplasm is almost dead.
You tentacle-slap the endoplasm.
You kill the endoplasm!
You see here a +0 pair of gloves.
The bat misses you.
You closely miss the bat. Your grab misses the bat.
Your squeeze misses the bat.
The ball python hisses angrily.
The bat hits you but does no damage.
You tentacle-slap the bat. You grab the bat.
You pierce the bat.
You kill the bat!
Your tentacle spike disappears.
A rat and a frilled lizard come into view.
A quokka comes into view.
The ball python barely misses you. The ball python grabs you.
The ball python constricts you.
The ball python's grasp on you weakens, but your attempt to escape fails.
The ball python barely misses you. The ball python constricts you.
You escape the ball python's grasp.
The quokka closely misses you. The quokka attacks as you move away!
The quokka bites you. The ball python bites you. The ball python grabs you.
The ball python constricts you.
You escape the ball python's grasp.
The quokka attacks as you move away! The quokka bites you.
* * * LOW HITPOINT WARNING * * *
The quokka bites you.
* * * LOW HITPOINT WARNING * * *
The ball python closely misses you. The ball python grabs you.
The ball python constricts you.
You die...

#..........
#...>...#.
#.[.....#.
#..8....#
......#
#....#
#....#
#....#######
#.>†[..S@..#
#......r.#.#
#|.####### #
#..# ....r
#......
#.#####. #+
.. ..


You could see a quokka and a ball python.

Vanquished Creatures
  A dart slug (D:1)
  3 ball pythons (D:1)
  4 endoplasms
  2 hobgoblins (D:1)
  A bat (D:2)
  3 kobolds (D:1)
  3 rats (D:1)
17 creatures vanquished.

Notes
Turn   | Place    | Note
-------+----------+-------------------------------------------
     0 | D:1      | Essalna the Octopode Transmuter began the quest for the
                  | Orb.
     0 | D:1      | Reached XP level 1. HP: 13/13 MP: 3/3
   630 | D:1      | Reached XP level 2. HP: 18/18 MP: 5/5
   803 | D:1      | Reached skill level 1 in Stealth
  1455 | D:2      | Constricted to death by a ball python

Illustrated notes

Levels and vault maps discovered:
D:1:      heliophobic_arrival_ceremonial_halls, layout_basic
D:2:      layout_basic, serial_shops, nicolae_square_shop, grunt_ministairs_1

Skill      XL: |  1  2 |
---------------+-------+-----
Stealth        | 1 |  1.3
Fighting       | |  1.4
Dodging        | |  2.2
Unarmed Combat | |  3.2
Spellcasting   | |  2.0
Transmutations | |  2.2

Action                   || total
-------------------------++-------
Melee: Unarmed           ||    34
       Tentacles         ||     4
       Kick              ||    10
       Constrict         ||     7
 Cast: Beastly Appendage ||    13
 Stab: Sleeping          ||     4
Armor: Skin              ||     2
Dodge: Dodged            ||    20

Table legend: (Time is in decaauts)
 A = Elapsed time spent in this place.
 B = Non-inter-level travel time spent in this place.
 C = Inter-level travel time spent in this place.
 D = Time resting spent in this place.
 E = Time spent auto-exploring this place.
 F = Levels seen in this place.
 G = Mean time per level.
                   A        B        C        D        E       F      G
               +--------+--------+--------+--------+--------+-----+--------+
         Total |   1452 |   1442 |     10 |      0 |   1310 |   2 |  726.0 |
       Dungeon |   1452 |   1442 |     10 |      0 |   1310 |   2 |  726.0 |
               +--------+--------+--------+--------+--------+-----+--------+

Top non-repeatable levels by time:
     D:1: 1428 daAuts
     D:2: 24 daAuts
